 Dungeon Crawl Stone Soup version 0.32-a0-893-gf85d74f360 (webtiles) character file.

Game seed: 1267921045711999796

12868 PetalousPanoply the Fighter (level 12, -1/105 HPs)
             Began as a Vine Stalker Fighter on Apr 3, 2024.
             Was a Follower of Uskayaw.
             Slain by a yak (2 damage)
             ... on level 10 of the Dungeon on Apr 4, 2024.
             The game lasted 00:52:41 (9621 turns).

PetalousPanoply the Fighter (Vine Stalker Fighter)  Turns: 9621, Time: 00:52:41

Health: -1/105     AC: 26    Str: 20    XL:     12   Next: 0%
Magic:  0/20       EV:  2    Int:  8    God:    Uskayaw [*.....]
Gold:   585        SH:  5    Dex: 18    Spells: 11/11 levels left

rFire   . . .        d - +3 short sword (freeze)
rCold   . . .        c - +0 buckler
rNeg    + . .        q - melded +3 scale mail {rC+}
rPois   +            (helmet currently unavailable)
rElec   .            (cloak currently unavailable)
rCorr   +            m - melded +0 pair of gloves
SInv    .            (boots currently unavailable)
Will    +....        o - amulet of faith
Stlth   ++           n - ring "Osuibrug" {Fly rN+ rCorr}
HPRegen 1.17/turn    p - +5 ring of evasion
MPRegen 0.17/turn

%: guardian spirit, faith
@: tree-form
A: stationary, stasis, torment immunity, boosted hp, (fangs 3), regeneration 1,
magic shield, (antimagic bite), no potion heal 2
a: Renounce Religion, Stomp


You were on level 10 of the Dungeon.
You worshipped Uskayaw.
Uskayaw was aware of your devotion.
You were a tree.
You visited 3 branches of the dungeon, and saw 14 of its levels.
You also visited: Ossuary.

You collected 705 gold pieces.
You spent 120 gold pieces at shops.

Inventory:

Hand Weapons
 a - a +0 rapier
 d - a +3 short sword of freezing (weapon)
 f - a +2 dagger of flaming
 z - a +1 dagger of speed
Armour
 b - a +0 scale mail
 c - a +0 buckler (worn)
 m - a +0 pair of gloves (melded)
 q - a +3 scale mail of cold resistance (melded)
 r - a scarf of harm
 B - an orb of wrath
 N - a +0 troll leather armour
Jewellery
 j - a ring of resist corrosion
 n - the ring "Osuibrug" (left branch) {Fly rN+ rCorr}
   (You found it on level 2 of the Dungeon)

   [ring of flight]

   rN+:       It protects you from negative energy.
   Fly:       It grants you flight.
   rCorr:     It protects you from acid and corrosion.
 o - an amulet of faith (around neck)
 p - a +5 ring of evasion (right branch)
 s - an amulet of magic regeneration
 y - a ring of resist corrosion
 F - a ring of flight
Wands
 K - a wand of polymorph (4)
 M - a wand of flame (12)
Scrolls
 e - a scroll of revelation
 h - 2 scrolls of silence
 i - a scroll of brand weapon
 l - 2 scrolls of amnesia
 v - a scroll of teleportation
 x - a scroll of noise
 L - a scroll of acquirement {unknown}
 P - a scroll of summoning
Potions
 g - 3 potions of attraction
 k - 2 potions of heal wounds {unknown}
 t - a potion of invisibility {unknown}
 u - 3 potions of mutation
 w - 3 potions of lignification
 A - 5 potions of curing
 D - a potion of ambrosia {unknown}
 E - 2 potions of enlightenment
 G - a potion of haste
 H - 2 potions of resistance
 I - a potion of magic
 J - 5 potions of degeneration {unknown}
 O - a potion of brilliance {unknown}


   Skills:
 * Level 11.1 Fighting
 - Level 10.0 Short Blades
 - Level 2.5 Armour
 - Level 2.8 Shields
 * Level 10.5 Invocations


You had 11 spell levels left.
You didn't know any spells.
Your spell library contained the following spells:

 Spells                   Type           Power      Damage    Failure   Level
 Foxfire                  Conj/Fire      0%         2x1d4     47%         1
 Necrotise                Necr           0%         1d4       47%         1
 Blink                    Tloc           0%         N/A       63%         2
 Ensorcelled Hibernation  Hex/Ice        0%         N/A       63%         2
 Lesser Beckoning         Tloc           0%         N/A       63%         2
 Momentum Strike          Conj/Tloc      0%         3d8       63%         2
 Hailstorm                Conj/Ice       0%         3d5       85%         3
 Passwall                 Erth           0%         N/A       85%         3
 Stone Arrow              Conj/Erth      0%         3d7       85%         3
 Summon Ice Beast         Ice/Summ       0%         N/A       85%         3
 Swiftness                Air            0%         N/A       85%         3
 Vampiric Draining        Necr           0%         2d6       85%         3
 Animate Armour           Summ/Erth      0%         N/A       99%         4
 Martyr's Knell           Necr/Summ      0%         N/A       99%         4
 Curse of Agony           Necr           0%         N/A       100%        5
 Permafrost Eruption      Ice/Erth       0%         2x4d1     100%        6
 Plasma Beam              Fire/Air       0%         2x1d10    100%        6
 Sculpt Simulacrum        Ice/Alch       0%         N/A       100%        6
 Starburst                Conj/Fire      0%         6d3       100%        6
 Lehudib's Crystal Spear  Conj/Erth      0%         10d2      100%        8


Dungeon Overview and Level Annotations

Branches:
Dungeon (12/15)            Temple (1/1) D:7            Lair (1/5) D:10
    Orc (0/2) D:9         Ossuary (visited)

Altars:
Ashenzari
Cheibriados
Dithmenos
Elyvilon
Fedhas
Gozag
Hepliaklqana
Kikubaaqudgha
Makhleb
Nemelex Xobeh
Okawaru
Qazlal
Ru
Sif Muna
Trog
Uskayaw
Vehumet
Wu Jian
Xom
Yredelemnul
Zin
The Shining One
Lugonu

Shops:
D:1 *   D:4 :

Annotations:
D:5 3 runed translucent doors, smashvw's ghost, amateur AtBe


Innate Abilities, Weirdness & Mutations

You are a tree.
Your roots penetrate the ground, keeping you stationary.
You cannot be teleported.
You are immune to unholy pain and torment.
Your maximum health is greatly increased.
Your equipment is partially melded.
((You have razor-sharp teeth.))
Your natural rate of healing is unusually fast.
When hurt, damage is shared between your health and your magic reserves.
((Your bite disrupts and absorbs the magic of your enemies.))
Potions cannot restore your health.


Message History

As you read the scroll of poison, it crumbles to dust.
You feel sick.
The cane toad is no longer sharing its pain.
The wolf bites you but does no damage. The yak gores you but does no damage.
The cane toad stings you!
* * * LOW HITPOINT WARNING * * *
You are more poisoned.
The cane toad poisons you! The yak closely misses you.
You block the wolf's attack. You block the yak's attack.
Your system rejects the healing.
You feel better. The wolf bites you but does no damage. The yak gores you.
* * * LOW HITPOINT WARNING * * *
You block the cane toad's attack. The yak gores you!
* * * LOW HITPOINT WARNING * * *
You block the yak's attack.
You have no ailments to cure.
You turn into a tree.
Your +0 pair of gloves melds into your body.
Your +3 scale mail of cold resistance melds into your body.
You feel less resistant to cold.
Your roots penetrate the ground.
You feel strangely stable. The wolf bites you.
* * * LOW HITPOINT WARNING * * *
The yak gores you but does no damage.
The cane toad stings you but does no damage.
The wolf bites you but does no damage.
The yak gores you but does no damage. x2
You hit the wolf. You freeze the wolf.
The wolf is moderately wounded.
The cane toad stings you but does no damage.
You block the wolf's attack. The yak gores you but does no damage.
You closely miss the wolf.
The wolf is moderately wounded.
The wolf bites you but does no damage. The yak gores you but does no damage.
The cane toad stings you but does no damage.
The yak gores you!
* * * LOW HITPOINT WARNING * * *
You barely miss the wolf.
The wolf is moderately wounded.
The yak gores you.
You die...
Your body falls in perfect tune with the rhythm.

#.....PP..................
#.§§§§§P§§PP§P§§§.........
#.§§P§P§§PPPP§§§§.........
###.§§§§PP§PPP§P§P§.>...##.#
##<†.#§§§PP§§§§P§§§§......#.#
#....§§§P§P§§§§P§PP§........#
#....§§§§P§§§§§§P§P§P........
#....P§§§§PYFh§§§§P§P........
#....§§§§P§Y♣P§§§§§§.........
##...§PP§§P§YP§§§§§§P.#......
###.§§§P§§P§§§§§§P§..#......
##§§PPP§§P§§§§§PP.##..#..#
##§§§§§P§§§§§P§§....##..#
#§P§§P§§P§§§§§§P.....#...
##§§§§P§§P§§§§§§.........
##§P§§PP§P§§P§§.........
##.P..........#....###.


You could see 3 yaks, a cane toad and a wolf.

Vanquished Creatures
  A hydra (D:10)
  An ugly thing (D:10)
  Maggie (D:7)
  4 kobold demonologists
  A troll (D:10)
  19 yaks
  A vampire (D:8)
  A wraith (D:11)
  3 wyverns
  3 steam dragons
  Edmund (D:4)
  An acid dragon (D:8)
  An orc warrior (D:8)
  6 water moccasins
  2 ice beasts
  3 sky beasts
  4 black bears
  A laughing skull (D:10)
  An ogre (D:5)
  9 wolves
  3 centaurs (D:9)
  3 phantoms
  4 kobold brigands
  4 elf zombies (Ossuary)
  6 bullfrogs
  9 scorpions
  5 wights (D:7)
  3 electric eels
  5 howler monkeys
  5 hounds
  A bombardier beetle (D:6)
  3 human zombies (Ossuary)
  A spectral scorpion (Ossuary)
  A gnoll bouda (D:7)
  5 orc priests
  A sleepcap (D:6)
  Terence (D:2)
  2 iguanas
  15 orc wizards
  Natasha (thrice) (D:2)
  A bullfrog simulacrum (Ossuary)
  2 crocodile zombies (Ossuary)
  3 spectral hounds (Ossuary)
  2 mummies (Ossuary)
  13 adders
  A hound simulacrum (Ossuary)
  A shadow imp (D:5)
  2 ufetubi (D:5)
  3 spectral adders (Ossuary)
  7 ribbon worms
  4 dart slugs
  2 adder simulacra (Ossuary)
  32 orcs
  7 ball pythons
  5 endoplasms
  A giant cockroach (D:4)
  6 goblins
  9 hobgoblins
  7 jackals
  14 kobolds
  2 quokkas
  6 bats
  4 frilled lizards
  5 gnoll simulacra (Ossuary)
  3 gnoll zombies (Ossuary)
  5 kobold zombies (Ossuary)
  8 orc zombies (Ossuary)
  4 rats
  4 spectral jackals (Ossuary)
307 creatures vanquished.

Notes
Turn   | Place    | Note
-------+----------+-------------------------------------------
     0 | D:1      | PetalousPanoply the Vine Stalker Fighter began the quest
                  | for the Orb.
     0 | D:1      | Reached XP level 1. HP: 11/11 MP: 2/2
   123 | D:1      | Reached XP level 2. HP: 16/16 MP: 3/3
   240 | D:1      | Found a faded altar of an unknown god.
   247 | D:1      | Reached skill level 3 in Fighting
   329 | D:1      | Found Teash's Assorted Antiques.
   916 | D:2      | Reached XP level 3. HP: 18/20 MP: 4/4
   924 | D:2      | Found an ornate altar of the Wu Jian Council.
   937 | D:2      | Identified the ring "Osuibrug" {Fly rN+ rCorr}
  1183 | D:2      | Noticed Natasha
  1190 | D:2      | Killed Natasha
  1191 | D:2      | Reached XP level 4. HP: 25/25 MP: 5/5
  1217 | D:2      | Noticed Terence
  1227 | D:2      | Killed Terence
  1334 | D:2      | Noticed Natasha
  1339 | D:2      | Killed Natasha
  1340 | D:2      | Reached skill level 4 in Fighting
  1340 | D:2      | Reached XP level 5. HP: 25/29 MP: 4/6
  1359 | D:2      | Noticed Natasha
  1366 | D:2      | Killed Natasha
  2037 | D:3      | Reached XP level 6. HP: 34/34 MP: 7/7
  2083 | D:4      | Found a glowing golden altar of the Shining One.
  2084 | D:4      | Found a sacrificial altar of Ru.
  2085 | D:4      | Found a shimmering blue altar of Sif Muna.
  2086 | D:4      | Found a shadowy altar of Dithmenos.
  2086 | D:4      | Found an opulent altar of Gozag.
  2088 | D:4      | Found a burning altar of Makhleb.
  2088 | D:4      | Found a radiant altar of Vehumet.
  2089 | D:4      | Found a glowing silver altar of Zin.
  2256 | D:4      | Noticed a +0 dagger
  2257 | D:4      | Noticed a +0 falchion
  2258 | D:4      | Noticed a +0 short sword
  2260 | D:4      | Noticed a +0 spear
  2260 | D:4      | Noticed a +0 dagger
  2261 | D:4      | Noticed a +0 spear
  2263 | D:4      | Noticed a +0 short sword
  2263 | D:4      | Noticed a +0 falchion
  2264 | D:4      | Found a hide-covered altar of Uskayaw.
  2308 | D:4      | Became a worshipper of Uskayaw the Reveller
  2578 | D:4      | Found Muiranugh's Book Boutique.
  2647 | D:4      | Noticed Edmund
  2656 | D:4      | Reached * piety under Uskayaw
  2660 | D:4      | Reached ** piety under Uskayaw
  2663 | D:4      | Killed Edmund
  2663 | D:4      | Reached *** piety under Uskayaw
  2664 | D:4      | Reached skill level 5 in Fighting
  2664 | D:4      | Reached skill level 1 in Invocations
  2664 | D:4      | Reached XP level 7. HP: 39/39 MP: 8/8
  2876 | D:5      | Entered Level 5 of the Dungeon
  2913 | D:5      | Found a runed translucent gate.
  2913 | D:5      | Noticed a troll
  2915 | D:5      | Noticed smashvw's ghost (amateur AtBe)
  2920 | D:5      | Found a runed translucent gate.
  2938 | D:5      | Found a runed translucent gate.
  2985 | D:5      | Reached skill level 5 in Short Blades
  3008 | D:5      | Found a white marble altar of Elyvilon.
  3149 | D:5      | Reached **** piety under Uskayaw
  3151 | D:5      | Gained mutation: You have razor-sharp teeth. [Vine Stalker
                  | growth]
  3151 | D:5      | Reached XP level 8. HP: 44/44 MP: 9/11
  3167 | D:5      | Reached ***** piety under Uskayaw
  3174 | D:5      | Reached skill level 6 in Fighting
  3542 | D:5      | Found an ancient bone altar of Kikubaaqudgha.
  4103 | D:6      | Reached XP level 9. HP: 49/49 MP: 13/13
  4131 | D:6      | Reached skill level 7 in Fighting
  4131 | D:6      | Reached skill level 5 in Invocations
  4191 | D:6      | Found a shimmering altar of Xom.
  4192 | D:6      | Found a hazy altar of Hepliaklqana.
  4192 | D:6      | Noticed a thorn hunter
  4193 | D:6      | Noticed a spectral ugly thing
  4193 | D:6      | Noticed a thorn hunter
  4353 | D:6      | Found a sand-covered staircase.
  4368 | Ossuary  | Entered an ossuary
  5747 | D:1      | Bought a runed copper amulet for 120 gold pieces
  5940 | D:7      | Reached skill level 8 in Fighting
  5995 | D:7      | Noticed Maggie
  6014 | D:7      | Killed Maggie
  6015 | D:7      | Reached XP level 10. HP: 49/56 MP: 14/16
  6079 | D:7      | Found a staircase to the Ecumenical Temple.
  6086 | Temple   | Entered the Ecumenical Temple
  6974 | D:8      | Found a snail-covered altar of Cheibriados.
  6974 | D:8      | Found a sparkling altar of Nemelex Xobeh.
  6982 | D:8      | Found a basalt altar of Yredelemnul.
  6984 | D:8      | Found an ornate altar of the Wu Jian Council.
  6985 | D:8      | Found a bloodstained altar of Trog.
  7071 | D:9      | You are sucked into a shaft and drop 3 floors!
  7074 | D:12     | Noticed a gargoyle
  7082 | D:12     | Noticed a two-headed ogre
  7127 | D:10     | Entered Level 10 of the Dungeon
  7131 | D:10     | Noticed a kobold demonologist
  7147 | D:10     | Reached skill level 9 in Fighting
  7156 | D:9      | Found an iron altar of Okawaru.
  7453 | D:9      | Found a staircase to the Orcish Mines.
  7523 | D:9      | Noticed a kobold demonologist
  7527 | D:9      | Reached ****** piety under Uskayaw
  7528 | D:9      | Noticed a kobold demonologist
  7530 | D:9      | Reached XP level 11. HP: 40/62 MP: 16/18
  7540 | D:9      | Noticed a sun demon
  8150 | D:10     | Found a staircase to the Lair.
  8153 | D:10     | Reached skill level 10 in Fighting
  8164 | D:10     | Noticed a soul eater
  8311 | D:10     | Found a stormy altar of Qazlal.
  8311 | D:10     | Found a blossoming altar of Fedhas.
  8322 | D:10     | Found a broken altar of Ashenzari.
  8513 | D:10     | Noticed a seven-headed hydra
  8522 | D:10     | Killed a seven-headed hydra
  8572 | D:10     | Noticed a green ugly thing
  8582 | D:10     | Killed a green ugly thing
  8583 | D:10     | Reached skill level 10 in Short Blades
  8937 | D:10     | Noticed a two-headed ogre
  8937 | D:10     | Noticed a centaur warrior
  9200 | D:11     | Reached skill level 10 in Invocations
  9238 | D:11     | Noticed a boulder beetle
  9426 | Lair:1   | Entered Level 1 of the Lair of Beasts
  9524 | Lair:1   | Reached skill level 11 in Fighting
  9552 | D:10     | Reached XP level 12. HP: 41/70 MP: 10/20
  9620 | D:10     | HP: 1/105 [yak (9)]
  9621 | D:10     | Slain by a yak

Illustrated notes

Levels and vault maps discovered:
D:1:      matt_arrival_spirals, layout_basic,
          shapermc_ecumenical_altar_starsandcircs, serial_shops,
          nicolae_shop_overgrown_old_shop, minmay_misc_feat_secret_circle
D:2:      layout_rooms, basic_altar, kennysheep_pointless_box, uniq_natasha,
          uniq_terence
D:3:      layout_basic, dreamdust_mushroom_princess
D:4:      layout_basic, nicolae_uskayaw_en_pointe, grunt_temple_overflow_open,
          serial_shops, shop, uniq_edmund
D:5:      minmay_thinvault, layout_loops_cross, mainiacjoe_overflow_brackets,
          elyvilon_altar_3, gammafunk_ghost_split, kennysheep_minor_cross,
          hangedman_decor_lopped
D:6:      layout_basic, regret_index_temple_of_mockery,
          chequers_ossuary_entry_cave, minmay_misc_feat_rugged
D:7:      layout_loops_ring, minmay_temple_entry_statues_fountains,
          dreamdust_gnoll_shepherd, uniq_maggie
D:8:      layout_rooms, chequers_temple_overflow_minitemple
D:9:      layout_irregular_city, amcnicky_altar_gilded, orc_0_dummy,
          kb_lookout_dungeons_type, grunt_ministairs_15,
          amcnicky_mini_rare_corridor_liquid
D:10:     minmay_cornered_nines, layout_cave_pools,
          grunt_temple_overflow_forces_of_nature, ashenzari_altar_1,
          due_lair_maze_entry_diamond, serial_shops, nicolae_lakefront_shop,
          serial_bayou_ford_a, hangedman_abyss_or_decor_slice
D:11:     nicolae_moon_pools, layout_cave_pools
D:12:     layout_basic
Temple:   nicolae_temple_total_abyssal_victory
Lair:1:   layout_chaotic_city, grunt_megastairs_2

Skill      XL: |  1  2  3  4  5  6  7  8  9 10 11 |
---------------+----------------------------------+-----
Short Blades   | 2 3 4 5 6 7 9 10 | 10.0
Fighting       | 3 4 5 6 8 9 11 | 11.1
Invocations    | 1 3 4 6 8 10 | 10.5
Armour         | |  2.5
Shields        | |  2.8

Action                     |  1- 3 |  4- 6 |  7- 9 | 10-12 || total
---------------------------+-------+-------+-------+-------++-------
  Melee: Rapier            |    18 |       |       |       ||    18
         Bite              |    18 |    45 |   202 |   156 ||   421
         Dagger            |    73 |   162 |   549 |    27 ||   811
         Short sword       |       |       |       |   418 ||   418
 Invoke: Stomp             |       |       |     3 |       ||     3
         Line Pass         |       |       |     2 |     1 ||     3
    Use: Potion            |       |     3 |     2 |     8 ||    13
         Scroll            |       |       |    19 |    12 ||    31
   Stab: Paralysed         |       |       |    23 |    29 ||    52
         Confused          |       |       |     1 |     2 ||     3
 Armour: Scale mail        |    52 |    93 |   304 |   293 ||   742
         Skin              |       |       |       |    13 ||    13
  Dodge: Dodged            |    28 |    40 |   125 |   207 ||   400
  Block: Buckler           |    20 |    21 |    80 |    96 ||   217

Table legend: (Time is in decaauts)
 A = Elapsed time spent in this place.
 B = Non-inter-level travel time spent in this place.
 C = Inter-level travel time spent in this place.
 D = Time resting spent in this place.
 E = Time spent auto-exploring this place.
 F = Levels seen in this place.
 G = Mean time per level.
                   A        B        C        D        E       F      G
               +--------+--------+--------+--------+--------+-----+--------+
         Total |   9228 |   8624 |    604 |    826 |   5555 |  15 |  615.2 |
       Dungeon |   8510 |   7906 |    604 |    593 |   5423 |  12 |  709.2 |
        Temple |      1 |      1 |      0 |      0 |      0 |   1 |    1.0 |
          Lair |     66 |     66 |      0 |      0 |     25 |   1 |   66.0 |
       Ossuary |    649 |    649 |      0 |    233 |    107 |   1 |  649.0 |
               +--------+--------+--------+--------+--------+-----+--------+

Top non-repeatable levels by time:
     D:5: 1062 daAuts
     D:1: 1025 daAuts
     D:9: 954 daAuts
    D:10: 908 daAuts
     D:4: 829 daAuts
     D:6: 760 daAuts
     D:7: 715 daAuts
     D:3: 655 daAuts
 Ossuary: 649 daAuts
     D:8: 582 daAuts
     D:2: 556 daAuts
    D:11: 422 daAuts
  Lair:1: 66 daAuts
    D:12: 38 daAuts
  Temple: 1 daAuts
